 Dungeon Crawl Stone Soup version 0.21.1-1-g345015f (webtiles) character file.

45 Kairos the Charmwright (level 3, 0/28 HPs)
             Began as a Demonspawn Skald on Mar 25, 2018.
             Slain by an adder (1 damage)
             ... on level 2 of the Dungeon.
             The game lasted 00:04:11 (1199 turns).

Kairos the Charmwright (Demonspawn Skald)           Turns: 1199, Time: 00:04:12

Health: 0/28       AC:  3    Str: 12    XL:     3   Next: 42%
Magic:  0/6        EV: 12    Int: 14    God:
Gold:   54         SH:  0    Dex: 12    Spells: 5/6 levels left

rFire    x . .     SeeInvis .   a - +0 mace
rCold    + . .     Gourm    .   (no shield)
rNeg     . . .     Faith    .   b - +0 leather armour
rPois    .         Spirit   +   (helmet restricted)
rElec    .         Reflect  .   (no cloak)
rCorr    .         Harm     .   (no gloves)
MR       .....                  (no boots)
Stlth    +.........             (no amulet)
HPRegen  0.09/turn              e - ring of wizardry
MPRegen  0.10/turn              h - ring of ice

@: lethally poisoned (0 -> -10), infused
A: antennae 1, magic shield
a: no special abilities


You were on level 2 of the Dungeon.
You were not hungry.

You visited 1 branch of the dungeon, and saw 2 of its levels.

You collected 54 gold pieces.

Inventory:

Hand Weapons
 a - a +0 mace (weapon)
Armour
 b - a +0 leather armour (worn)
Jewellery
 e - a ring of wizardry (left hand)
 h - a ring of ice (right hand)
Scrolls
 f - a scroll of fog {unknown}
 g - 4 scrolls of identify {unknown}
 i - 2 scrolls of amnesia {unknown}
 j - a scroll of immolation {unknown}
Books
 c - a book of Battle

   Spells                             Type                      Level
   a - Infusion                       Charms                       1
   b - Shroud of Golubria             Charms/Translocation         2
   c - Song of Slaying                Charms                       2
   d - Spectral Weapon                Hexes/Charms                 3
   e - Regeneration                   Charms/Necromancy            3
Comestibles
 d - 6 rations
 k - 2 chunks of flesh


   Skills:
 + Level 2.3 Fighting
 + Level 2.4 Maces & Flails
 + Level 1.3 Armour
 + Level 2.0 Dodging
 + Level 0.2 Stealth
 + Level 2.1 Spellcasting
 + Level 3.0 Charms


You had 5 spell levels left.
You knew the following spells:

 Your Spells              Type           Power        Failure   Level  Hunger
a - Infusion              Chrm           #...         3%          1    #......


Dungeon Overview and Level Annotations

Branches:
Dungeon (2/15)

Altars:
Zin


Innate Abilities, Weirdness & Mutations

You have a pair of small antennae on your head.
When hurt, damage is shared between your health and your magic reserves.


Message History

The adder bites you.
* * * LOW HITPOINT WARNING * * *
You are poisoned.
The adder poisons you!
You barely miss the adder.
You feel sick. The adder bites you but does no damage. The adder bites you.
* * * LOW HITPOINT WARNING * * *
You are lethally poisoned!
The adder poisons you!
You hit the adder!
The adder is almost dead.
* * * LOW HITPOINT WARNING * * *
You feel sick. The adder bites you.
* * * LOW HITPOINT WARNING * * *
You are more poisoned.
The adder poisons you!
You aren't carrying any potions.
* * * LOW HITPOINT WARNING * * *
You feel sick. The adder bites you.
You die...

#.#.##.#****,,*
#.#..<.###,,,,,
#.#..#.#.##8,,8
#......#..#,,,,
#.........###*,
##..........#*,
#.....#..r$..)
#######.....#.##....
########
#..@SSgg#####..,,...
#......# #.#####.#
*###***.
###.####.#####.#####.###
*,
...)........##.##....(.#
**,
##..#.##.##.##.##.##.#.#
*,,
##..#.##..........##.#(#
*,,
##.......##.##.......#.#
#..
##.##.).....##########.#
#.. ##.##.##.########
#....# #..


You could see 2 adders, a hobgoblin and a goblin.

Vanquished Creatures
  An adder (D:2)
  A worm (D:2)
  2 dart slugs (D:1)
  A leopard gecko (D:2)
  2 giant cockroaches
  5 hobgoblins
  5 bats
  A frilled lizard (D:1)
  2 goblins (D:1)
  6 kobolds
  4 rats
30 creatures vanquished.

Notes
Turn   | Place    | Note
-------+----------+-------------------------------------------
     0 | D:1      | Kairos the Demonspawn Skald began the quest for the Orb.
     0 | D:1      | Reached XP level 1. HP: 16/16 MP: 3/3
   159 | D:1      | You fall through a shaft!
   219 | D:2      | Gained mutation: You have a pair of small antennae on your head. [demonic ancestry]
   219 | D:2      | Reached XP level 2. HP: 19/22 MP: 1/5
   818 | D:1      | Reached skill level 3 in Charms
   933 | D:2      | Reached skill level 1 in Armour
   933 | D:2      | Gained mutation: When hurt, damage is shared between your health and your magic reserves. [demonic ancestry]
   933 | D:2      | Reached XP level 3. HP: 27/27 MP: 0/6
   971 | D:2      | Found a glowing silver altar of Zin.
  1199 | D:2      | HP: 1/28 [poisoned by an adder]
  1199 | D:2      | Slain by an adder

Skill      XL: |  1  2 |
---------------+-------+-----
Maces & Flails | 2 |  2.4
Dodging        | 2 |  2.0
Charms         | 3 |  3.0
Armour         | 1 |  1.3
Fighting       | |  2.3
Stealth        | |  0.2
Spellcasting   | |  2.1

Action                   || total
-------------------------++-------
Melee: Mace              ||    94
 Cast: Infusion          ||    11
  Use: Scroll            ||     1
  Eat: Chunk             ||     1
Armor: Leather armour    ||    39
Dodge: Dodged            ||    84
